cohdb
Replays
Latest Replays
All Replays
Popular Replays
Top Player Replays
Match Explorer
How It Works
Community
CoH3 Stats
Reddit
Sign in to upload your games and track your stats! →
Sign in with Steam
Match 46098509
Unlisted
Match 46098509
Overview
Messages
Build Orders
End
Construct Section Command Post
Dingo Light Scout Car
Vickers Machine Gun Team
Infantry Section
Infantry Section
Royal Engineer Section
ML 3-inch Mortar Team
Construct Platoon Command Post
Grenade Package
Selects Australian Defense Battlegroup
Selects CMP 15cwt Supply Run
Selects Australian Light Infantry Section
Selects Defensive Tactics
CMP 15cwt Supply Run
Vickers Machine Gun Team
6-pounder Anti-tank Gun Team
Construct Company Command Post
Unlock M3 Grant Medium Tanks
CMP 15cwt Supply Run
ML 3-inch Mortar Team
6-pounder Anti-tank Gun Team
M3 Grant Medium Tank
M3 Grant Medium Tank
Royal Engineer Section
Royal Engineer Section
M3 Grant Medium Tank
CMP 15cwt Supply Run
Royal Engineer Section
M3 Grant Medium Tank
Royal Engineer Section
M3 Grant Medium Tank
CMP 15cwt Supply Run
Armored Vehicle Training
M3 Grant Medium Tank
CMP 15cwt Truck
Selects Hold the Line!
Hold the Line!
M3 Grant Medium Tank
kor_silk
Thien
меньшевик
padak@@@
Puckmeister
STRIKE_IIVI ➽
margnus17
Depthz
0
0
Comments
sign in to comment!
No comments posted yet!